Map: Dusk Towers

Players

Frozzen - Winner!

  • Race: Zerg Zerg
  • League: Gold

Bisnafire

  • Race: Terran Terran

VOD

Have the link to the VOD?

Description

Time

  • Played on: Nov. 16, 2015, 4:05 p.m.
  • Length: 14:30
Show
View Real Time Build Order
Export as new Build Order

Frozzen Zerg - Winner!

Build Orders: Hatch First, Lurkers 

Get SALT Encoding   

  12  0:01  Drone  
  13  0:12  Overlord  
  13  0:18  Drone  
  14  0:30  Drone x2  
  16  0:50  Hatchery  
  16  0:53  Drone  
  16  0:56  Drone  
  17  1:11  Spawning Pool  
  17  1:15  Drone  
  17  1:20  Drone, Extractor  
  17  1:24  Drone  
  18  1:30  Overlord  
  18  1:52  Drone  
  19  1:58  Queen  
  19  1:59  Zergling x2  
  22  2:01  Zergling x2  
  22  2:02  Queen  
  22  2:04  Drone  
  26  2:10  Drone  
  26  2:15  Drone  
  28  2:22  Metabolic Boost, Drone  
  29  2:24  Drone  
  30  2:32  Overlord  
  30  2:39  Queen  
  32  2:44  Drone  
  32  2:45  Drone  
  32  2:46  Drone  
  34  2:58  Drone x2  
  34  3:04  Lair, Overlord  
  36  3:08  Drone x2  
  36  3:11  Drone  
  39  3:14  Drone  
  39  3:15  Extractor  
  39  3:16  Drone  
  40  3:20  Drone  
  40  3:22  Drone  
  40  3:24  Overlord  
  40  3:26  Drone  
  43  3:29  Extractor  
  43  3:30  Zergling x2  
  43  3:37  Zergling x2  
  44  3:45  Drone x3  
  44  3:46  Evolution Chamber, Drone x2  
  44  3:47  Evolution Chamber  
  47  3:49  Overlord  
  47  4:02  Zergling x6  
  50  4:09  Overseer  
  50  4:14  Roach Warren  
  49  4:17  Zerg Missile Weapons Level 1, Zerg Ground Armor Level 1  
  49  4:23  Drone x4  
  49  4:24  Drone  
  54  4:28  Drone x2  
  54  4:29  Drone, Extractor  
  53  4:41  Hydralisk Den  
  52  4:54  Drone  
  52  4:55  Drone x3  
  52  4:56  Roach x5  
  66  5:04  Spore Crawler  
  65  5:07  Drone  
  65  5:09  Drone  
  65  5:11  Glial Reconstitution, Muscular Augments  
  65  5:14  Overlord  
  67  5:17  Overlord  
  67  5:22  Spore Crawler  
  66  5:30  Hatchery  
  65  5:40  Hydralisk x4  
  73  5:51  Roach  
  73  5:52  Overlord x2  
  73  5:53  Overlord  
  75  6:09  Overlord  
  75  6:10  Overlord  
  75  6:15  Hydralisk  
  75  6:16  Hydralisk x4  
  85  6:30  Lurker Den  
  85  6:31  Zerg Ground Armor Level 2  
  85  6:41  Overlord x3  
  85  6:48  Drone x7  
  85  6:49  Drone  
  93  7:03  Overlord x2  
  93  7:05  Roach x4  
  101  7:12  Extractor  
  101  7:13  Extractor  
  101  7:14  Spore Crawler  
  98  7:17  Drone x2  
  98  7:18  Drone  
  98  7:21  Spine Crawler x2  
  99  7:23  Drone x2  
  99  7:24  Drone x2  
  99  7:26  Ravager x2  
  99  7:27  Ravager x2  
  107  7:44  Drone x3  
  107  7:45  Drone  
  107  7:46  Drone x6  
  107  7:47  Drone x2  
  119  7:51  Hydralisk  
  119  7:52  Hydralisk  
  123  8:00  Lurker x5  
  123  8:04  Overlord x3  
  128  8:27  Drone x2  
  128  8:30  Hydralisk x9  
  128  8:32  Overlord x2  
  148  8:48  Hydralisk x2  
  148  8:49  Hydralisk  
  148  8:50  Hatchery  
  148  8:51  Roach x3  
  134  9:11  Spire  
  133  9:24  Zergling x2  
  133  9:25  Zergling x26  
  133  9:30  Extractor  
  146  9:33  Extractor  
  146  9:35  Spine Crawler  
  146  9:37  Zerg Missile Weapons Level 2  
  144  9:38  Zerg Melee Weapons Level 1  
  144  9:43  Infestation Pit  
  143  9:48  Roach  
  143  9:49  Roach x7  
  143  9:51  Lurker  
  143  9:52  Lurker x2  
  162  9:56  Drone  
  162  9:57  Drone x6  
  169  10:21  Roach  
  169  10:22  Roach x2  
  171  10:32  Roach  
  171  10:33  Roach x6  
  171  10:34  Overlord  
  171  10:35  Overlord x3  
  174  10:36  Overlord x2  
  174  10:50  Overseer  
  174  10:51  Overseer x2  
  104  11:20  Hydralisk x6  
  104  11:21  Hydralisk x6  
  104  11:23  Roach x9  
  146  11:31  Zerg Flyer Weapons Level 1  
  146  11:32  Mutalisk x3  
  150  11:34  Mutalisk  
  150  11:35  Mutalisk  
  156  11:41  Zergling x2  
  157  11:48  Mutalisk x3  
  157  11:50  Zergling x2  
  164  11:55  Hatchery  
  164  11:57  Pathogen Glands  
  164  11:58  Zergling x2  
  164  11:59  Zergling x22  
  175  12:06  Mutalisk  
  177  12:18  Mutalisk x4  
  185  12:24  Ravager  
  185  12:25  Ravager, Zergling x2  
  185  12:26  Zergling x6  
  171  12:42  Roach  
  171  12:43  Roach x10  
  165  12:48  Hydralisk x2  
  158  12:53  Mutalisk  
  158  12:55  Mutalisk  
  158  12:58  Roach x4  
  168  13:13  Roach x5  
  168  13:14  Hydralisk x2  
  168  13:15  Hydralisk  
  179  13:23  Ravager x4  
  165  13:38  Hydralisk x4  
  165  13:39  Hydralisk x3  
  177  13:41  Zergling x2  
  177  13:42  Zergling x12  
  191  14:10  Zergling x18  
Show
View Real Time Build Order
Export as new Build Order

Bisnafire Terran 

Build Orders: Command Center First (CC), Mech 

Get SALT Encoding   

  12  0:01  SCV  
  13  0:13  SCV  
  14  0:17  Supply Depot  
  14  0:25  SCV  
  15  0:39  SCV  
  16  0:51  SCV  
  17  1:00  Command Center  
  17  1:03  SCV  
  18  1:14  Barracks  
  18  1:17  SCV  
  19  1:23  Refinery  
  19  1:29  SCV  
  20  1:42  SCV  
  20  1:46  Refinery  
  21  2:01  Orbital Command  
  21  2:03  Supply Depot  
  21  2:06  Marine  
  22  2:12  Orbital Command  
  22  2:14  Refinery  
  22  2:29  Factory  
  22  2:31  SCV  
  22  2:34  Barracks Tech Lab  
  23  2:38  SCV  
  24  2:47  SCV  
  25  3:04  SCV x2, Supply Depot  
  27  3:11  Supply Depot  
  27  3:16  SCV  
  27  3:18  SCV  
  27  3:19  Starport  
  29  3:23  Barracks Reactor  
  29  3:25  Refinery  
  29  3:28  SCV, Siege Tank  
  29  3:31  SCV  
  34  3:41  SCV  
  34  3:47  Supply Depot, SCV  
  36  3:56  SCV  
  37  4:05  SCV  
  37  4:07  Factory  
  38  4:16  Factory  
  39  4:17  SCV x2  
  39  4:20  Armory  
  39  4:22  Armory  
  40  4:29  Siege Tank  
  40  4:30  Viking  
  44  4:32  SCV x2  
  44  4:35  Viking  
  48  4:45  SCV x2  
  50  4:52  Factory Reactor  
  50  5:00  Factory Tech Lab  
  50  5:11  Viking, Siege Tank  
  50  5:12  Viking  
  57  5:20  SCV x2  
  57  5:21  Terran Vehicle And Ship Armor Level 1, Terran Vehicle Weapons Level 1  
  59  5:25  Siege Tank  
  62  5:41  SCV  
  63  5:46  Hellion x2, Siege Tank  
  63  5:48  Command Center  
  70  5:53  Supply Depot  
  70  6:12  Infernal Pre-Igniter  
  70  6:15  SCV x2, Hellion, Siege Tank  
  70  6:17  Supply Depot  
  70  6:18  Supply Depot  
  75  6:26  Hellion  
  75  6:27  SCV  
  78  6:38  Viking x2, Siege Tank  
  87  6:40  Hellion  
  87  6:43  Supply Depot  
  87  6:45  Supply Depot  
  87  6:47  Supply Depot  
  87  6:53  Hellion, Siege Tank  
  92  7:05  SCV x2  
  92  7:06  Orbital Command  
  94  7:09  Hellion  
  94  7:14  Medivac x2  
  100  7:21  SCV x2  
  100  7:22  Terran Vehicle And Ship Armor Level 2  
  98  7:42  Hellion, Orbital Command  
  98  7:43  Hellion, Siege Tank  
  103  7:56  Siege Tank  
  110  7:59  Medivac x2  
  110  8:00  SCV x2, Refinery  
  110  8:02  Refinery  
  110  8:23  SCV x2  
  110  8:25  Hellion x2, Siege Tank  
  119  8:27  SCV  
  119  8:29  Medivac x2  
  124  8:35  SCV x2  
  126  8:42  SCV  
  127  8:54  SCV  
  128  8:59  Hellion x2, Siege Tank  
  133  9:03  Medivac x2  
  133  9:06  SCV  
  132  9:11  SCV  
  133  9:24  Supply Depot x2  
  133  9:27  Supply Depot x2  
  133  9:44  Supply Depot  
  141  9:45  SCV x3, Siege Tank  
  141  9:46  Hellion x2, Siege Tank, Medivac  
  141  9:47  Supply Depot x2  
  141  9:50  Supply Depot  
  148  10:03  Command Center  
  148  10:13  Hellion x2  
  152  10:14  Viking  
  154  10:21  Siege Tank x2  
  111  10:37  Terran Vehicle And Ship Armor Level 3, Terran Vehicle Weapons Level 2  
  99  10:45  Hellion x2  
  103  10:53  Siege Tank  
  103  10:54  Siege Tank  
  97  11:06  Hellion  
  97  11:07  Hellion  
  94  11:16  Viking x2  
  94  11:17  SCV x3  
  101  11:25  Siege Tank  
  101  11:26  Hellion  
  101  11:28  Hellion x2  
  101  11:29  SCV x2  
  112  11:47  Hellion  
  112  11:50  Hellion  
  112  11:51  Hellion  
  118  12:08  Command Center  
  118  12:09  Command Center  
  118  12:10  Command Center  
  118  12:11  Command Center  
  118  12:16  Hellion x2, Siege Tank x2  
  118  12:17  Viking x2  
  126  12:39  Hellion x2  
  111  12:47  Viking, Medivac  
  111  12:48  Thor x2  
  112  13:09  Factory  
  101  13:22  Viking x2  
  101  13:23  Hellion x2  
  84  13:43  Thor x2  
  96  13:51  Hellion  
  96  13:52  Hellion  
Tags
 
Add a new tag
Caveats
  • Supply blocks, unpowered buildings, or Contaminate may cause inaccurate times.
  • Supply counts are checked every 10 seconds.